 Dungeon Crawl Stone Soup version 0.18-a0-1805-g8ab820f (webtiles) character file.

206 beholder the Skirmisher (level 6, 0/50 HPs)
             Began as a Formicid Abyssal Knight on Apr 26, 2016.
             Was a Priest of Lugonu.
             Slain by warlockg3's ghost (13 damage)
             ... on level 4 of the Dungeon.
             The game lasted 00:20:00 (3246 turns).

beholder the Skirmisher (Formicid Abyssal Knight)   Turns: 3246, Time: 00:20:01

Health: 0/50       AC:  5    Str: 18    XL:     6   Next: 10%
Magic:  5/9        EV: 11    Int: 11    God:    Lugonu [***...]
Gold:   259        SH:  0    Dex: 11    Spells: 0 memorised, 5 levels left

rFire  . . .     SeeInvis +     a - +1 falchion
rCold  . . .     Gourm    .     r - +2 leather armour {MR+}
rNeg   . . .     Faith    .     (no shield)
rPois  .         Spirit   .     (helmet unavailable)
rElec  .         Dismiss  .     (no cloak)
rCorr  .         Reflect  .     (no gloves)
SustAt .         Harm     .     (no boots)
MR     +....                    (no amulet)
Stlth  +.........               (no ring)
                                (no ring)

@: somewhat resistant to hostile enchantments, very unstealthy
A: permanent stasis, dig shafts and tunnels, four strong arms, antennae 3
a: Dig, Shaft Self, Depart the Abyss, Bend Space, Banish, Renounce Religion


You were on level 4 of the Dungeon.
You worshipped Lugonu.
Lugonu was most pleased with you.
You were not hungry.

You visited 1 branch of the dungeon, and saw 4 of its levels.
You visited the Abyss 1 time.

You collected 259 gold pieces.

Inventory:

Hand Weapons
 a - a +1 falchion (weapon)
 v - a +0 halberd of flaming
Missiles
 b - 7 javelins (quivered)
Armour
 r - a +2 leather armour of magic resistance (worn)
Scrolls
 e - a scroll of magic mapping
 i - a scroll of amnesia
 l - 3 scrolls of remove curse
 o - a scroll of fear {unknown}
 p - a scroll of identify {unknown}
 q - 2 scrolls of blinking {unknown}
 t - a scroll of teleportation {unknown}
 w - a scroll of noise {unknown}
 x - a scroll of enchant armour {unknown}
Potions
 f - 2 potions of degeneration {unknown}
 g - 2 potions of cure mutation {unknown}
 k - a potion of berserk rage {unknown}
 u - a potion of haste {unknown}
Books
 s - a book of Summonings

   Spells                             Type                      Level
   a - Recall                         Summoning/Translocation      3
   b - Aura of Abjuration             Summoning                    5
   c - Summon Demon                   Summoning                    5
   d - Summon Forest                  Summoning/Translocation      5
   e - Summon Mana Viper              Hexes/Summoning              5
   f - Shadow Creatures               Summoning                    6
Comestibles
 c - 3 bread rations
 h - a royal jelly
 j - 3 beef jerkies
 n - 2 meat rations


   Skills:
 + Level 4.9 Fighting
 + Level 3.6 Long Blades
 - Level 2.1 Armour
 - Level 0.8 Dodging
 + Level 4.3 Invocations


You had 5 spell levels left.
You didn't know any spells.

Dungeon Overview and Level Annotations

Branches:
Dungeon (4/15)
 Temple: D:4-7

Altars:
Gozag

Shops:
D:3 *

Annotations:
D:4 warlockg3's ghost, amateur GrFi


Innate Abilities, Weirdness & Mutations

You are under a permanent stasis effect.
You can dig through walls and to a lower floor.
Your four strong arms can wield two-handed weapons with a shield.
You have a pair of large antennae on your head (SInv).


Message History

Warlockg3's ghost is lightly damaged.
Warlockg3's ghost hits you.
You barely miss warlockg3's ghost.
Warlockg3's ghost is lightly damaged.
Warlockg3's ghost closely misses you.
You hit warlockg3's ghost but do no damage.
Warlockg3's ghost is lightly damaged.
Warlockg3's ghost barely misses you.
You closely miss warlockg3's ghost.
Warlockg3's ghost is lightly damaged.
Warlockg3's ghost hits you!
You hit warlockg3's ghost but do no damage.
Warlockg3's ghost is lightly damaged.
Warlockg3's ghost hits you. Warlockg3's ghost hits you!
* * * LOW HITPOINT WARNING * * *
Press: ? - help, Shift-Dir - straight line, f - warlockg3's ghost
Aim: warlockg3's ghost (lightly damaged, chance to defeat MR: 74%) Warlockg3's ghost struggles to resist.
You feel somewhat more hungry. Warlockg3's ghost hits you!
You die...

...
####..#####
..........##
...........
..........#
..........#
..........#
.......@..+
........W.#
..........#
#####.#####
#. ##


You could see warlockg3's ghost.

Vanquished Creatures
  Robin (D:2)
  3 adders
  3 gnolls (D:3)
  An ooze (D:2)
  A dart slug (D:2)
  4 orcs
  9 bats
  2 giant cockroaches
  13 goblins
  12 hobgoblins
  11 jackals
  11 kobolds
  3 giant newts
  6 rats
80 creatures vanquished.

Vanquished Creatures (others)
  An ogre (D:3)
1 creature vanquished.

Grand Total: 81 creatures vanquished

Notes
Turn   | Place    | Note
--------------------------------------------------------------
     0 | Abyss:1  | beholder the Formicid Abyssal Knight began the quest for the Orb.
     0 | Abyss:1  | Reached XP level 1. HP: 18/18 MP: 2/2
    73 | Abyss:1  | Found a corrupted altar of Lugonu.
   133 | D:1      | Escaped the Abyss
   218 | D:1      | Reached XP level 2. HP: 24/24 MP: 3/3
   821 | D:1      | Reached XP level 3. HP: 29/29 MP: 5/5
   946 | D:1      | Reached ** piety under Lugonu
  1399 | D:2      | Noticed Robin
  1402 | D:2      | Reached XP level 4. HP: 37/37 MP: 6/6
  1741 | D:2      | Killed Robin
  2261 | D:2      | Reached *** piety under Lugonu
  2261 | D:2      | Reached XP level 5. HP: 38/43 MP: 7/7
  2944 | D:3      | Noticed an ogre
  2946 | D:3      | Banished an ogre
  2946 | D:3      | Reached XP level 6. HP: 40/50 MP: 9/9
  2975 | D:3      | Found Gozag's Platinum Reserve.
  2998 | D:3      | Found an opulent altar of Gozag.
  3235 | D:4      | Noticed warlockg3's ghost (amateur GrFi)
  3246 | D:4      | Slain by warlockg3's ghost

Vault maps used:
D:1:      minmay_arrival_checkered_box
D:2:      uniq_robin
D:3:      nicolae_gozag_zags_fifth_avenue, corner_web_ring
D:4:      gammafunk_temple_overflow_claw, serial_shops, shop,
          hangedman_abyss_or_decor_stabs

Skill      XL: |  1  2  3  4  5 |
---------------+----------------+-----
Invocations    | 3 4 |  4.3
Fighting       | 4 |  4.9
Long Blades    | 3 |  3.6
Armour         | |  2.1
Dodging        | |  0.8

Action                   |  1- 3 |  4- 6 || total
-------------------------+-------+-------++-------
Melee: Falchion          |   118 |   143 ||   261
Throw: Javelin           |       |     8 ||     8
Invok: Bend Space        |       |     1 ||     1
       Banish            |       |     2 ||     2
 Abil: Dig               |     1 |       ||     1
  Use: Scroll            |       |     3 ||     3
       Potion            |       |     1 ||     1
  Eat: Chunk             |     2 |     6 ||     8
Armor: Leather armour    |    14 |    15 ||    29
       Ring mail         |    31 |   113 ||   144
Dodge: Dodged            |    87 |   173 ||   260
